 Dungeon Crawl Stone Soup version 0.31-a0-430-gf8416d752b (webtiles) character file.

Game seed: 16002928407440424818

146 AIAndy the Changeling (level 5, 0/18 HPs)
             Began as an Octopode Shapeshifter on July 31, 2023.
             Slain by Edmund
             ... wielding a +4 flail of protection
              (3 damage)
             ... on level 4 of the Dungeon.
             The game lasted 00:06:53 (3032 turns).

AIAndy the Changeling (Octopode Shapeshifter)       Turns: 3032, Time: 00:06:54

Health: 0/18       AC:  1    Str: 16    XL:     5   Next: 28%
Magic:  5/5        EV: 13    Int: 11    God:
Gold:   112        SH:  0    Dex: 12    Spells: 4/4 levels left

rFire   . .          .
                       - Unarmed
rCold   . . .        (shield currently unavailable)
rNeg    . . .        (helmet restricted)
rPois   .            (no amulet)
rElec   .            (no ring)
rCorr   .            (no ring)
SInv    .            (no ring)
Will    .....        (no ring)
Stlth   ++           (no ring)
HPRegen 0.23/turn    (no ring)
MPRegen 0.09/turn    (no ring)
                     (no ring)

%: no passive effects
@: blade tentacles
A: reduced hp, almost no armour, amphibious, 8 rings, camouflage 1, gelatinous
body 1, (nimble swimmer 1), tentacles
a: Begin Untransformation


You were on level 4 of the Dungeon.
You had blades for main tentacles.
You visited 1 branch of the dungeon, and saw 4 of its levels.

You collected 112 gold pieces.


Innate Abilities, Weirdness & Mutations

You have blades for main tentacles.
Your maximum health is decreased, since you lack skill for your form.
Your spellcasting is less reliable in this form.
You are incapable of wielding weapons or throwing items.
You cannot wear most types of armour.
You are amphibious.
You can wear up to eight rings at the same time.
Your skin changes colour to match your surroundings (Stealth+).
Your rubbery body absorbs attacks. (AC +1, EV +1)
((You are camouflaged when in or above water. (Stealth+)))
You have tentacles for arms and can constrict up to eight enemies at once.


   Skills:
 - Level 1.0 Fighting
 - Level 2.0 Dodging
 - Level 3.8 Unarmed Combat
 + Level 4.6 Shapeshifting


You had 4 spell levels left.
You didn't know any spells.
Your spell library was empty.

Inventory:

Missiles
 e - 9 poisoned darts
 r - 4 atropa-tipped darts
Armour
 f - a +0 kite shield
Jewellery
 C - a ring of ice
Talismans
 b - a beast talisman
 k - a blade talisman (active)
Wands
 q - a wand of digging (6)
Scrolls
 c - 3 scrolls of teleportation {unknown}
 d - a scroll of poison {unknown}
 g - 5 scrolls of identify {unknown}
 l - 2 scrolls of fog {unknown}
 m - a scroll of torment {unknown}
 n - a scroll of silence {unknown}
 p - a scroll of immolation {unknown}
Potions
 a - 2 potions of lignification {!q}
 h - 2 potions of cancellation {unknown}
 i - a potion of ambrosia {unknown}
 j - a potion of curing {unknown}
 o - a potion of degeneration {unknown}

Dungeon Overview and Level Annotations

Branches:
Dungeon (4/15)
 Temple: D:4-7

Altars:
Ashenzari
Wu Jian
Yredelemnul

Annotations:
D:3 Sigmund
D:4 Edmund

#.# #.# #.# ... #.# #.#
#@# +# #@# . #.# . #.# #
#.#
################.######.
........................
(................#######
...############### ....#


You could see Edmund.


Message History

Found a grey potion.
Found a broken altar of Ashenzari.
There is a stone staircase leading up here.
You climb upwards.
Level annotation: Sigmund
There is a stone staircase leading down here.
There is an open door, spattered with blood here.
There is a stone staircase leading down here.
You climb downwards.
You hear the hiss of flowing sand.
There is an entrance to an ossuary on this level.
Hurry and find it before the portal is buried!
Found 4 stones.
There is a stone staircase leading up here.
You hear the slow hiss of a very distant avalanche of sand.
Edmund the Younger comes into view.
He is wielding a +4 flail of protection.
Edmund shouts!
You hit Edmund. Your grab misses Edmund. Your squeeze misses Edmund.
Edmund is lightly wounded.
Edmund hits you with a +4 flail of protection!
Ouch! That really hurt!
* * * LOW HITPOINT WARNING * * *
You hit Edmund but do no damage. You grab Edmund.
Edmund is lightly wounded.
You constrict Edmund, but do no damage.
Edmund hits you with a +4 flail of protection.
* * * LOW HITPOINT WARNING * * *
You slash Edmund!
Edmund is moderately wounded.
You constrict Edmund, but do no damage.
Edmund hits you with a +4 flail of protection.
You die...

Skill      XL: |  1  2  3  4 |
---------------+-------------+-----
Shapeshifting  | 4 |  4.6
Fighting       | |  1.0
Dodging        | |  2.0
Unarmed Combat | |  3.8

Action                     |  1- 3 |  4- 6 || total
---------------------------+-------+-------++-------
  Melee: Unarmed           |    64 |    50 ||   114
         Constrict         |    18 |    12 ||    30
         Tentacles         |    13 |     3 ||    16
         Punch             |       |     1 ||     1
   Stab: Sleeping          |    12 |     1 ||    13
 Armour: Skin              |     3 |     1 ||     4
  Dodge: Dodged            |    28 |    23 ||    51
   Form: Blade             |     1 |       ||     1

Levels and vault maps discovered:
D:1:      wander_arrival_desolate, layout_loops_corners,
          minmay_misc_feat_ornament, nicolae_houndstooth_variations
D:2:      layout_loops_corners, basic_altar, minivault_26
D:3:      layout_basic, mainiacjoe_overflow_brackets, minmay_strange_pillars,
          nrook_loot_triangle, uniq_sigmund, uniq_robin
D:4:      gammafunk_wand_slinger, layout_basic, nicolae_ashenzari_skybound,
          mainiacjoe_overflow_24_doors, minmay_temple_entry_drinking_statues,
          nicolae_ossuary_entry_giza, dk_noncrumbling_4, uniq_edmund

Notes
Turn   | Place    | Note
-------+----------+-------------------------------------------
     0 | D:1      | AIAndy the Octopode Shapeshifter began the quest for the
                  | Orb.
     0 | D:1      | Reached XP level 1. HP: 13/13 MP: 1/1
    43 | D:1      | Reached XP level 2. HP: 15/18 MP: 2/2
   534 | D:1      | Reached XP level 3. HP: 23/23 MP: 3/3
  1290 | D:2      | Reached XP level 4. HP: 13/28 MP: 4/4
  1769 | D:2      | Found an ornate altar of the Wu Jian Council.
  1792 | D:2      | Reached skill level 4 in Shapeshifting
  2145 | D:3      | HP: 1/14 [iguana (13)]
  2218 | D:3      | Noticed Sigmund
  2328 | D:3      | Noticed Robin
  2368 | D:3      | Reached XP level 5. HP: 17/33 MP: 5/5
  2412 | D:3      | Found a basalt altar of Yredelemnul.
  2556 | D:3      | Killed Robin
  2954 | D:4      | Noticed an orc warrior
  2954 | D:4      | Found a broken altar of Ashenzari.
  3025 | D:4      | Noticed Edmund
  3032 | D:4      | Slain by Edmund

Vanquished Creatures
  An iguana (D:3)
  Robin (D:3)
  2 adders
  3 worms (D:2)
  5 dart slugs
  An orc (D:3)
  6 ball pythons
  5 endoplasms
  2 giant cockroaches
  16 goblins
  12 hobgoblins
  2 quokkas (D:1)
  2 bats
  A frilled lizard (D:1)
  5 kobolds
  3 rats
67 creatures vanquished.

Table legend: (Time is in decaauts)
 A = Elapsed time spent in this place.
 B = Non-inter-level travel time spent in this place.
 C = Inter-level travel time spent in this place.
 D = Time resting spent in this place.
 E = Time spent auto-exploring this place.
 F = Levels seen in this place.
 G = Mean time per level.
                   A        B        C        D        E       F      G
               +--------+--------+--------+--------+--------+-----+--------+
         Total |   3025 |   2885 |    140 |    139 |   2192 |   4 |  756.2 |
       Dungeon |   3025 |   2885 |    140 |    139 |   2192 |   4 |  756.2 |
               +--------+--------+--------+--------+--------+-----+--------+

Top non-repeatable levels by time:
     D:2: 1115 daAuts
     D:1: 1014 daAuts
     D:3: 863 daAuts
     D:4: 32 daAuts

Table legend:
 A = Non-vault XP
 B = Vault XP
 C = Vault XP percentage of total XP
 D = Non-vault monster count
 E = Vault monster count
 F = Vault count percentage of total count
                 A         B        C        D         E       F
            +---------+---------+-------+---------+---------+-------
      Total |     171 |      38 |  18.2 |      54 |      13 |  19.4
            +---------+---------+-------+---------+---------+-------
        D:1 |      43 |       0 |   0.0 |      22 |       0 |   0.0
        D:2 |      63 |       0 |   0.0 |      21 |       0 |   0.0
        D:3 |      65 |      38 |  36.9 |      11 |      13 |  54.2
            +---------+---------+-------+---------+---------+-------
